AoeStats
← Dis

Black Forest

510737286Analyzed
4v4 RM · 1d ago on Oct 2, 2026· 35m 59s· 8 players
Game mode
Random Map
Map size
Large (8 player)
Population
200
Speed
Normal
Resources
Standard
Victory
Conquest
Starting age
Dark Age
Ending age
Imperial Age
RankedLock teamsTeams togetherTeam positionsShared explorationLock speedFull tech treeHidden civsTurbo modeCheats
Victory
Defeat
🇨🇳 Spanish · China
1444
+11
1372
+13
🇹🇼 Italians · Taiwan
1365
+14
🇹🇼 Mongols · Taiwan
1331
+15
🇷🇺 Bohemians · Russia
1361
-16
🇹🇷 Bengalis · Türkiye
1339
-14
🇩🇪 Japanese · Germany
1297
-12
🇷🇺 Poles · Russia
1256
-11
友善牛牛
1:26 Loom
12:25 Feudal Age
13:46 Double-Bit Axe
16:09 Castle Age
16:09 Horse Collar
18:33 Fletching
20:11 Bow Saw
21:54 Bodkin Arrow
23:30 Padded Archer Armor
24:22 Gold Mining
25:50 Ballistics
26:38 Leather Archer Armor
30:34 Wheelbarrow
30:48 Bloodlines
30:39 Husbandry
31:06 Heavy Plow
32:31 Scale Barding Armor
32:37 Forging
33:44 Chain Barding Armor
35:40 Iron Casting
炫瘋貓
11:30 Feudal Age
15:04 Castle Age
19:37 Imperial Age
17:11 Double-Bit Axe
21:19 Chemistry
28:00 Horse Collar
30:06 Scale Mail Armor
31:07 Forging
33:24 Chain Mail Armor
Ren
1:31 Loom
11:28 Feudal Age
15:50 Castle Age
14:10 Double-Bit Axe
15:13 Horse Collar
15:52 Fletching
15:53 Gold Mining
18:03 Bow Saw
22:07 Town Watch
27:19 Wheelbarrow
27:09 Husbandry
32:25 Imperial Age
30:15 Bodkin Arrow
30:21 Padded Archer Armor
31:14 Fishing Lines
32:13 Leather Archer Armor
32:19 Hand Cart
33:04 Bloodlines
33:48 Ring Archer Armor
32:39 Light Cavalry
34:03 Conscription
34:35 Forging
34:31 Scale Barding Armor
34:27 Bracer
33:52 Hussar
35:35 Cavalier
中方县最后一个老实人
11:15 Feudal Age
14:52 Castle Age
12:54 Double-Bit Axe
12:49 Horse Collar
13:09 Horse Collar
17:19 Bow Saw
20:14 Fervor
20:44 Wheelbarrow
24:35 Heavy Plow
28:55 Imperial Age
27:42 Chemistry
27:52 Hand Cart
27:23 Loom
28:30 Scale Mail Armor
28:41 Forging
29:40 Coinage
30:04 Conscription
29:50 Wagenburg Tactics
30:44 Chain Mail Armor
31:04 Iron Casting
29:50 Pikeman
30:30 Squires
31:56 Plate Mail Armor
31:50 Siege Engineers
31:15 Halberdier
31:58 Fletching
32:47 Banking
33:47 Blast Furnace
33:30 Arson
33:10 Houfnice
35:49 Two-Man Saw
venOm
12:14 Feudal Age
12:42 Double-Bit Axe
13:10 Fishing Lines
15:56 Castle Age
17:08 Bow Saw
18:23 Gillnets
21:50 Wheelbarrow
24:03 Fletching
27:26 Imperial Age
25:22 Gold Mining
25:23 Stone Mining
25:13 Elite Skirmisher
25:49 Bodkin Arrow
26:32 Padded Archer Armor
26:57 Ballistics
27:47 Gold Shaft Mining
27:48 Leather Archer Armor
28:09 Thumb Ring
28:18 Bracer
30:03 Chemistry
33:15 Parthian Tactics
34:06 Bloodlines
33:56 Husbandry
34:48 Guard Tower
34:44 Arrowslits
35:06 Yasama
Dis
0:25 Loom
11:55 Feudal Age
12:58 Double-Bit Axe
16:11 Castle Age
16:02 Horse Collar
25:31 Bow Saw
27:05 Heavy Plow
28:17 Wheelbarrow
29:20 Hand Cart
33:32 Imperial Age
32:16 Scale Mail Armor
32:26 Forging
33:24 Chemistry
33:03 Pikeman
33:44 Squires
34:03 Chain Mail Armor
34:23 Iron Casting
34:21 Halberdier
Fantom7
11:03 Feudal Age
15:09 Castle Age
13:11 Double-Bit Axe
13:35 Horse Collar
16:31 Bow Saw
19:13 Stone Mining
21:41 Heavy Plow
24:32 Fletching
26:07 Gold Mining
30:39 Imperial Age
28:54 Forging
29:28 Scale Barding Armor
29:37 Bloodlines
30:21 Coinage
29:47 Light Cavalry
31:55 Wheelbarrow
32:02 Lechitic Legacy
31:11 Winged Hussar
34:01 Iron Casting
33:47 Chain Barding Armor
36:12 Blast Furnace
hirax34
0:31 Loom
11:10 Feudal Age
15:32 Castle Age
14:33 Double-Bit Axe
17:41 Bow Saw
20:42 Horse Collar
21:32 Fletching
24:01 Stone Mining
25:03 Fortified Wall
26:01 Wheelbarrow
25:39 Padded Archer Armor
26:21 Bodkin Arrow
26:32 Elite Skirmisher
Connection lost

Rejoining the realm…

Still unreachable

The connection could not be restored.

Session expired

The server has moved on; the page needs a fresh start.